 Dungeon Crawl Stone Soup version 0.31-a0-818-ge7c7cf74f0 (webtiles) character file.

Game seed: 5011164934123634678

25569 dialectric the Spear-Bearer (level 12, -1/110 HPs)
             Began as a Minotaur Berserker on Sept 23, 2023.
             Was a High Priest of Trog.
             Slain by a frost giant
             ... wielding a +0 battleaxe of freezing
              (25 damage)
             ... on level 11 of the Dungeon.
             The game lasted 00:16:07 (9390 turns).

dialectric the Spear-Bearer (Minotaur Berserker)    Turns: 9390, Time: 00:16:08

Health: -1/110     AC: 10    Str: 35    XL:     12   Next: 90%
Magic:  11/11      EV: 17    Int:  6    God:    Trog [*****.]
Gold:   701        SH:  0    Dex: 14    Spells: 11/11 levels left

rFire   . . .        f - +7 spear of Uvovew Xoemu {drain, rElec Will+ Int+2 SInv}
rCold   . . .        (no shield)
rNeg    . . .        U - +0 steam dragon scales
rPois   .            (helmet restricted)
rElec   +            q - +0 cloak
rCorr   .            C - +0 pair of gloves
SInv    +            (no boots)
Will    +....        l - amulet of the acrobat
Stlth   +++          o - +6 ring of strength
HPRegen 0.38/turn    t - +6 ring of strength
MPRegen 0.12/turn

%: acrobat
@: on berserk cooldown, slowed, very slow
A: horns 2, retaliatory headbutt, camouflage 1, deterioration 1, noise
suppression
a: Renounce Religion, Berserk, Trog's Hand, Brothers in Arms


You were on level 11 of the Dungeon.
You worshipped Trog.
Trog was extremely pleased with you.
You visited 1 branch of the dungeon, and saw 11 of its levels.
You also visited: Sewer, Ossuary and Bailey.

You collected 701 gold pieces.

Inventory:

Hand Weapons
 a - a +0 mace
 f - the +7 spear of Uvovew Xoemu (weapon) {drain, rElec Will+ Int+2 SInv}
   (You found it on level 4 of the Dungeon)

   Int+2:     It affects your intelligence (+2).
   rElec:     It insulates you from electricity.
   Will+:     It increases your willpower.
   SInv:      It lets you see invisible.
 p - a +3 quarterstaff of chaos
 O - a +6 long sword of flaming
 Q - a +5 morningstar of flaming
Missiles
 d - a curare-tipped dart
 B - 30 poisoned darts (quivered)
Armour
 h - a +0 chain mail
 q - a +0 cloak (worn)
 C - a +0 pair of gloves (worn)
 U - +0 steam dragon scales (worn)
Jewellery
 l - an amulet of the acrobat (around neck)
 m - a ring of flight
 o - a +6 ring of strength (left hand)
 t - a +6 ring of strength (right hand)
 v - a ring of willpower
 R - an amulet of magic regeneration
Wands
 J - a wand of digging (7)
 N - a wand of acid (5)
 P - a wand of iceblast (7)
Scrolls
 e - 8 scrolls of identify
 g - a scroll of vulnerability
 i - 3 scrolls of enchant weapon {unknown}
 j - a scroll of fog {unknown}
 n - 9 scrolls of teleportation
 r - a scroll of brand weapon
 s - a scroll of immolation {unknown}
 u - a scroll of acquirement {unknown}
 x - 4 scrolls of fear
 y - 3 scrolls of blinking
 G - 2 scrolls of poison {unknown}
 I - 2 scrolls of noise {unknown}
 K - 2 scrolls of enchant armour {unknown}
 M - 2 scrolls of summoning {unknown}
 S - a scroll of amnesia {unknown}
 T - a scroll of torment {unknown}
 V - a scroll of silence {unknown}
 W - a scroll of revelation {unknown}
Potions
 b - a potion of berserk rage
 c - 2 potions of lignification
 k - 2 potions of enlightenment
 w - 5 potions of might
 z - 4 potions of heal wounds
 A - 3 potions of magic
 D - 4 potions of curing
 E - 2 potions of cancellation
 F - a potion of resistance
 H - 3 potions of invisibility
 L - a potion of mutation
 X - a potion of attraction {unknown}


   Skills:
 + Level 11.2 Fighting
 - Level 11.3 Maces & Flails
 + Level 13.0 Polearms
 - Level 0.1 Throwing
 + Level 11.6 Armour
 * Level 11.0 Dodging
 - Level 1.0 Stealth


You had 11 spell levels left.
You didn't know any spells.
Your spell library was empty.

Dungeon Overview and Level Annotations

Branches:
Dungeon (11/15)            Temple (0/1) D:4            Lair (0/5) D:8
  Sewer (visited)         Ossuary (visited)          Bailey (visited)
    Orc: D:9-12

Altars:
Uskayaw
Wu Jian

Shops:
D:6 =


Innate Abilities, Weirdness & Mutations

You have a pair of horns on your head.
You reflexively headbutt those who attack you in melee.
Your skin changes colour to match your surroundings (Stealth+).
Your body sometimes deteriorates upon taking damage.
You passively dampen the noise of your surroundings.


Message History

The boulder beetle is severely wounded.
You hit the boulder beetle but do no damage.
You headbutt the boulder beetle.
The boulder beetle is almost dead.
The boulder beetle bites you!
A centaur comes into view. It is carrying a wand of charming.
The centaur shouts!
Unknown command.
You puncture the boulder beetle!
You feel the power of Trog in you as your rage grows.
You kill the boulder beetle!
Trog accepts your kill.
You hear a shout!
Your Polearms skill increases to level 13!
You reach to attack!
You puncture the centaur! You drain the centaur.
You kill the centaur!
Trog accepts your kill.
Your Dodging skill increases to level 11!
Unknown command.
No target in view!
You feel a strong urge to attack something.
No target in view!
Unknown command.
No target in view!
Unknown command.
No target in view!
You are no longer berserk.
You are exhausted.
You feel yourself slow down.
A frost giant comes into view.
It is wielding a +0 battleaxe of freezing.
The frost giant casts a spell at you. The bolt of cold hits you!!
You see here a manticore corpse.
The frost giant gestures at you while chanting.
The bolt of cold hits you!!
* * * LOW HITPOINT WARNING * * *
You puncture the frost giant! You drain the frost giant.
The frost giant is lightly wounded.
The frost giant hits you with a +0 battleaxe of freezing!!
You die...

###########...#############.#.##.
♣.♣.♣♣≈♣ ♣♣~.♣♣ ♣≈♣ ♣♣.♣♣#.#.##.
.♣.♣♣♣≈♣♣♣~≈~~♣♣♣♣≈♣♣♣...♣#.#.##.
♣.♣...~P♣♣♣~.♣~.♣P~)).....#.#....
.♣.♣#♣P~♣♣♣.~♣P~♣~)♣♣♣..[♣#.#.##.
♣.♣.#♣♣♣~~~~.♣♣♣~♣♣♣ ♣♣.♣♣#.#.##.
#.### ################.###.#.##.
♣[♣♣ #C...♣#.....#.#.##.
...♣#♣♣♣. #@♣♣♣#.♣.♣.#...##.
......... #!†....♣.♣.#..###.
...♣#♣♣♣. #.♣♣♣#.♣♣♣.#.## #. ♣.♣♣
#... #.♣ ♣.#.# #.# #############
### ###.# ♣)♣ ♣♣........ #..
♣.♣♣♣♣.########### #.#
.♣.....')).).....+ #.#
♣.♣♣♣♣.###########.


You could see a frost giant (drained).

Vanquished Creatures
  An orc warlord (Bailey)
  A boulder beetle (D:11)
  3 two-headed ogres
  A death yak (D:8)
  A harpy (shapeshifter) (D:11)
  An orc knight (Bailey)
  An ugly thing (D:11)
  A cyclops (D:11)
  An elephant (D:8)
  2 manticores (D:11)
  2 unseen horrors (D:11)
  A kobold demonologist (D:11)
  7 trolls
  Sigmund (D:4)
  2 shadows
  2 wraiths (D:11)
  A vampire (D:11)
  13 yaks
  2 steam dragons
  3 vampire mosquitoes (D:10)
  3 acid dragons
  3 water moccasins
  An ice beast (D:5)
  2 orc warriors (Bailey)
  A sky beast (D:7)
  4 black bears
  6 centaurs
  2 phantoms
  7 kobold brigands
  2 bullfrogs
  2 gnoll sergeants
  A scorpion (D:5)
  9 water moccasin zombies (Ossuary)
  8 wights
  2 killer bees (D:11)
  A howler monkey (D:6)
  5 hounds
  5 orc priests
  2 jellies
  Crazy Yiuf (D:2)
  2 sleepcaps
  14 orc wizards
  Natasha (twice) (D:4)
  2 mummies (Ossuary)
  5 adders
  13 gnolls
  A river rat (Sewer)
  2 shadow imps
  An ufetubus (D:7)
  7 adder zombies (Ossuary)
  2 worms
  6 dart slugs
  34 orcs
  10 endoplasms
  5 giant cockroaches
  14 goblins
  7 hobgoblins
  6 jackals
  5 quokkas
  11 ball pythons
  2 bats
  A gnoll zombie (Ossuary)
  4 hobgoblin zombies (Ossuary)
  32 kobolds
  4 kobold zombies (Ossuary)
  6 orc zombies (Ossuary)
  11 rats
323 creatures vanquished.

Vanquished Creatures (others)
  An orc priest (D:9)
  An orc (D:9)
2 creatures vanquished.

Grand Total: 325 creatures vanquished

Notes
Turn   | Place    | Note
-------+----------+-------------------------------------------
     0 | D:1      | dialectric the Minotaur Berserker began the quest for the
                  | Orb.
     0 | D:1      | Reached XP level 1. HP: 19/19 MP: 0/0
   203 | D:1      | Reached XP level 2. HP: 24/27 MP: 1/1
   714 | D:2      | Reached XP level 3. HP: 30/34 MP: 2/2
   867 | D:2      | Reached ** piety under Trog
   908 | D:2      | Found a faded altar of an unknown god.
  1036 | D:2      | Found a runed translucent door.
  1037 | D:2      | Noticed Crazy Yiuf
  1044 | D:2      | Killed Crazy Yiuf
  1045 | D:2      | Reached XP level 4. HP: 32/41 MP: 3/3
  1283 | D:2      | Found the +7 staff of the Meek {protect, meekguard}
  1294 | D:2      | Reached skill level 5 in Maces & Flails
  1334 | D:3      | Reached skill level 1 in Stealth
  1837 | D:3      | Found a glowing drain.
  1853 | Sewer    | Entered a sewer
  1951 | Sewer    | Noticed a kobold brigand
  1972 | Sewer    | Killed a kobold brigand
  1973 | Sewer    | Reached XP level 5. HP: 43/47 MP: 4/4
  2195 | Sewer    | Reached skill level 5 in Fighting
  2195 | Sewer    | Reached XP level 6. HP: 36/56 MP: 5/5
  2497 | Sewer    | Reached *** piety under Trog
  2749 | D:4      | Found a sand-covered staircase.
  2864 | Ossuary  | Entered an ossuary
  2947 | Ossuary  | Reached skill level 5 in Armour
  2947 | Ossuary  | Reached XP level 7. HP: 61/61 MP: 6/6
  3111 | Ossuary  | Reached **** piety under Trog
  3114 | Ossuary  | Reached XP level 8. HP: 60/70 MP: 7/7
  3362 | D:4      | Found a staircase to the Ecumenical Temple.
  3377 | D:4      | Identified the +7 spear of Uvovew Xoemu {drain, rElec Will+
                  | Int+2 SInv}
  3466 | D:4      | Noticed Sigmund
  3477 | D:4      | Killed Sigmund
  3606 | D:4      | Noticed Natasha
  3617 | D:4      | Killed Natasha
  3706 | D:4      | Noticed Natasha
  3717 | D:4      | Killed Natasha
  3778 | D:5      | Entered Level 5 of the Dungeon
  4046 | D:5      | Reached skill level 10 in Maces & Flails
  4388 | D:6      | Found Tioluek's One-of-a-Kind Rings.
  4761 | D:6      | Reached XP level 9. HP: 63/78 MP: 8/8
  4820 | D:6      | Reached ***** piety under Trog
  5031 | D:7      | Reached skill level 1 in Polearms
  5103 | D:7      | Found a flagged portal.
  5131 | Bailey   | Entered a bailey
  5189 | Bailey   | Noticed an orc warlord
  5215 | Bailey   | Reached skill level 2 in Polearms
  5286 | Bailey   | Found a runed translucent gate.
  5288 | Bailey   | Found a runed translucent gate.
  5290 | Bailey   | Found a runed translucent gate.
  5291 | Bailey   | Noticed an orc knight
  5306 | Bailey   | Killed an orc knight
  5307 | Bailey   | Reached skill level 4 in Polearms
  5402 | Bailey   | Killed an orc warlord
  5403 | Bailey   | Reached skill level 6 in Polearms
  5698 | D:7      | Reached skill level 5 in Dodging
  5698 | D:7      | Reached XP level 10. HP: 88/88 MP: 9/9
  6098 | D:8      | Reached skill level 7 in Polearms
  6450 | D:8      | Noticed a death yak
  6451 | D:8      | Found a staircase to the Lair.
  6451 | D:8      | Noticed an elephant
  6463 | D:8      | Killed a death yak
  6464 | D:8      | Reached skill level 8 in Polearms
  6470 | D:8      | Killed an elephant
  6471 | D:8      | Reached skill level 10 in Armour
  7110 | D:9      | Reached skill level 9 in Polearms
  7435 | D:9      | Found an ornate altar of the Wu Jian Council.
  7437 | D:9      | Found a hide-covered altar of Uskayaw.
  7868 | D:10     | Entered Level 10 of the Dungeon
  8041 | D:10     | Reached XP level 11. HP: 95/95 MP: 10/10
  8049 | D:10     | Reached skill level 10 in Polearms
  8419 | D:10     | Noticed a two-headed ogre
  8425 | D:10     | Killed a two-headed ogre
  8468 | D:10     | Reached skill level 10 in Fighting
  8468 | D:10     | Reached skill level 11 in Polearms
  8468 | D:10     | Reached XP level 12. HP: 106/106 MP: 11/11
  8470 | D:10     | Gained mutation: Your skin changes colour to match your
                  | surroundings (Stealth+). [potion of mutation]
  8470 | D:10     | Gained mutation: Your body sometimes deteriorates upon
                  | taking damage. [potion of mutation]
  8470 | D:10     | Gained mutation: You passively dampen the noise of your
                  | surroundings. [potion of mutation]
  8758 | D:11     | Received a gift from Trog
  9026 | D:11     | Reached ****** piety under Trog
  9034 | D:11     | Noticed a two-headed ogre
  9041 | D:11     | Reached skill level 12 in Polearms
  9051 | D:11     | Killed a two-headed ogre
  9052 | D:11     | Reached skill level 10 in Dodging
  9221 | D:11     | Noticed a two-headed ogre
  9226 | D:11     | Killed a two-headed ogre
  9364 | D:11     | Noticed a boulder beetle
  9383 | D:11     | Killed a boulder beetle
  9384 | D:11     | Reached skill level 13 in Polearms
  9388 | D:11     | Noticed a frost giant
  9390 | D:11     | Slain by a frost giant

Illustrated notes

Levels and vault maps discovered:
D:1:      minmay_arrival_open_corners, layout_basic, minmay_tree_intersection
D:2:      layout_basic, dreamdust_ecumenical_altar_angels_and_demons,
          serial_bayou_pond_d, uniq_crazy_yiuf_cottage
D:3:      layout_loops_ring, cheibrodos_sewer_entry_bend
D:4:      layout_gridville, minmay_temple_entry_trees, enter_ossuary_1,
          uniq_natasha, uniq_sigmund
D:5:      layout_cave_pools, minmay_misc_feat_tower
D:6:      layout_loops_cross, nicolae_shop_unique_rings
D:7:      layout_loops_cross, enter_bailey_5, grunt_decor_arrowhead
D:8:      layout_loops_ring, david_lair_generic
D:9:      layout_loops_ring, minitemple, serial_co_window_serial,
          co_window_of_opportunity_a, co_window_corner_a, co_window_corner_a,
          co_window_paths_a, co_window_paths_a, co_window_2corner,
          co_window_broadway_a, co_window_2corner, co_window_4corner_b,
          co_window_sun, glass_columns_a, glass_columns_b, glass_columns_a,
          glass_columns_c, glass_columns_a
D:10:     layout_cave_pools, kennysheep_generic_room_15
D:11:     nzn_winding_woodlands_medium [nzn_winding_woodlands_5x5_closed_star,
          nzn_winding_woodlands_5x15_longhouse, nzn_winding_woodlands_5x5_cross,
          nzn_winding_woodlands_5x5_three,
          nzn_winding_woodlands_center_pierced_h,
          nzn_winding_woodlands_5x5_default, nzn_winding_woodlands_5x5_default,
          nzn_winding_woodlands_5x15_lazy_stream,
          nzn_winding_woodlands_5x5_checkerboard], layout_basic,
          dreamdust_wishing_well

Skill      XL: |  1  2  3  4  5  6  7  8  9 10 11 12 |
---------------+-------------------------------------+-----
Fighting       | 4 5 6 7 8 10 11 | 11.2
Maces & Flails | 4 5 6 8 10 11 | 11.3
Stealth        | 1 |  1.0
Armour         | 3 4 5 6 7 9 10 11 | 11.6
Dodging        | 3 5 6 9 11 | 11.0
Polearms       | 6 9 11 13 | 13.0
Throwing       | |  0.1

Action                     |  1- 3 |  4- 6 |  7- 9 | 10-12 || total
---------------------------+-------+-------+-------+-------++-------
  Melee: Mace              |    50 |   144 |   199 |       ||   393
         Headbutt          |     3 |    14 |    59 |    63 ||   139
         Punch             |       |     1 |     5 |     2 ||     8
         Spear             |       |       |   123 |   385 ||   508
  Throw: Dart              |       |     1 |     6 |     6 ||    13
 Invoke: Berserk           |       |     1 |     3 |     4 ||     8
    Use: Potion            |     1 |     1 |       |     2 ||     4
         Scroll            |       |       |     8 |     8 ||    16
   Stab: Sleeping          |     1 |       |       |     3 ||     4
         Distracted        |       |     1 |       |       ||     1
 Armour: Animal skin       |    25 |       |       |       ||    25
         Chain mail        |       |    76 |   188 |    38 ||   302
         Steam dragon scal |       |       |       |    79 ||    79
  Dodge: Dodged            |    25 |   104 |   160 |   157 ||   446

Table legend: (Time is in decaauts)
 A = Elapsed time spent in this place.
 B = Non-inter-level travel time spent in this place.
 C = Inter-level travel time spent in this place.
 D = Time resting spent in this place.
 E = Time spent auto-exploring this place.
 F = Levels seen in this place.
 G = Mean time per level.
                   A        B        C        D        E       F      G
               +--------+--------+--------+--------+--------+-----+--------+
         Total |   9495 |   9365 |    130 |     45 |   6845 |  14 |  678.2 |
       Dungeon |   7735 |   7605 |    130 |     30 |   5851 |  11 |  703.2 |
         Sewer |    941 |    941 |      0 |      0 |    655 |   1 |  941.0 |
       Ossuary |    308 |    308 |      0 |      0 |    112 |   1 |  308.0 |
        Bailey |    510 |    510 |      0 |     15 |    225 |   1 |  510.0 |
               +--------+--------+--------+--------+--------+-----+--------+

Top non-repeatable levels by time:
     D:9: 1047 daAuts
   Sewer: 941 daAuts
    D:11: 839 daAuts
     D:6: 769 daAuts
     D:4: 724 daAuts
     D:2: 715 daAuts
     D:8: 697 daAuts
     D:3: 692 daAuts
     D:1: 609 daAuts
    D:10: 596 daAuts
     D:7: 590 daAuts
  Bailey: 510 daAuts
     D:5: 454 daAuts
 Ossuary: 308 daAuts
